 Dungeon Crawl Stone Soup version 0.21-a0-442-g848f44b (console) character file.

1385 zero the Cleaver (level 8, -1/72 HPs)
             Began as a Deep Dwarf Fighter on Nov 14, 2017.
             Was an Initiate of Makhleb.
             Slain by Qupu's ghost (3 damage)
             ... on level 6 of the Dungeon.
             The game lasted 00:01:57 (3869 turns).

zero the Cleaver (Deep Dwarf Fighter)               Turns: 3869, Time: 00:01:58

Health: -1/72      AC: 11    Str: 22    XL:     8   Next: 40%
Magic:  11/11      EV:  7    Int:  9    God:    Makhleb [......]
Gold:   312        SH: 10    Dex: 12    Spells: 7/7 levels left

rFire    . . .     SeeInvis .   Y - +3 war axe
rCold    . . .     Gourm    .   c - +0 shield
rNeg     . . .     Faith    .   m - +0 chain mail
rPois    .         Spirit   .   (no helmet)
rElec    .         Reflect  .   a - +0 cloak
rCorr    .         Harm     .   (no gloves)
MR       +....                  h - +0 pair of boots
Stlth    ..........             (no amulet)
HPRegen  0.00/turn              (no ring)
MPRegen  0.12/turn              (no ring)

@: non-regenerating
A: damage resistance, heal wounds, sense surroundings 1, no regeneration
a: Heal Wounds, Renounce Religion


You were on level 6 of the Dungeon.
You worshipped Makhleb.
Makhleb was noncommittal.
You were not hungry.

You visited 1 branch of the dungeon, and saw 6 of its levels.

You collected 312 gold pieces.


Innate Abilities, Weirdness & Mutations

You are resistant to damage.
You can heal yourself by infusing magical energy.
You passively map a small area around you.
You do not regenerate.


   Skills:
 - Level 4.1 Fighting
 + Level 9.0 Axes
 - Level 3.2 Armour
 - Level 2.6 Dodging
 - Level 5.1 Shields
 - Level 4.1 Invocations


You had 7 spell levels left.
You didn't know any spells.

Inventory:

Hand Weapons
 b - a +0 flail of draining
 Y - a +3 war axe (weapon)
Armour
 a - a +0 cloak (worn)
 c - a +0 shield (worn)
 h - a +0 pair of boots (worn)
 m - a +0 chain mail (worn)
Scrolls
 l - a scroll of identify
 q - 6 scrolls of remove curse
Potions
 d - 2 potions of might
 k - a potion of haste {unknown}
 n - a potion of resistance
 t - a potion of curing {unknown}
 u - a potion of degeneration {unknown}
 v - a potion of lignification {unknown}
Comestibles
 f - 5 bread rations
 i - a meat ration
 o - a royal jelly

Dungeon Overview and Level Annotations

Branches:
Dungeon (6/15)
 Temple: D:4-7

Altars:
Elyvilon
Makhleb
Qazlal
Ru
Trog
Wu Jian
Yredelemnul

Annotations:
D:6 Qupu's ghost, novice MfSk


Message History

Qupu's ghost hits you!
You miss Qupu's ghost.
Qupu's ghost is moderately damaged.
You block Qupu's ghost's attack.
You barely miss Qupu's ghost.
Qupu's ghost is moderately damaged.
You block Qupu's ghost's attack.
You slash Qupu's ghost!
Qupu's ghost is heavily damaged.
You block Qupu's ghost's attack.
You hit Qupu's ghost but do no damage.
Qupu's ghost is heavily damaged.
Qupu's ghost hits you but does no damage.
You hit Qupu's ghost.
Qupu's ghost is heavily damaged.
Qupu's ghost hits you.
You slash Qupu's ghost!
Qupu's ghost is heavily damaged.
Qupu's ghost hits you. x2
You die...

#.. * #.. , *
#.#*#+#< , #.# #.#
** #. #.# #.# , ...
, #.# #.# ####.#,
#.# #.# .....# #.#
#.# .....# ,
#####'###'##*.....#
#..........##W....#
#..........#@.....#
,
#..........^.¤¤¤^.#
#......^##^¤.~~¤#~#
#####+#^#.#..^¤#(.?
#^#~..(~#.#..+ *
..^..^.^¤¤.^.#
,......_.......
#..~.~.^~~~^# ,
#^^¤#~..##^^ * ,**
, ~ ~


You could see Qupu's ghost.

Vanquished Creatures
  Grinder (D:5)
  Sigmund (D:5)
  Edmund (D:4)
  An ice beast (D:5)
  A black bear (D:4)
  2 ogres
  A scorpion (D:5)
  A crimson imp (D:5)
  A howler monkey (D:5)
  4 hounds
  An orc wizard (D:4)
  3 worker ants (D:4)
  An iguana (D:5)
  A hound skeleton (D:4)
  8 adders
  A shadow imp (D:5)
  A worm (D:4)
  A dart slug (D:1)
  4 leopard geckos
  13 orcs
  8 giant cockroaches
  12 goblins
  12 hobgoblins
  4 jackals
  3 kobolds
  5 quokkas
  2 ball pythons
  8 bats
  3 frilled lizards (D:2)
  2 jackal skeletons
  2 quokka skeletons (D:5)
  4 rats
113 creatures vanquished.

Notes
Turn   | Place    | Note
-------+----------+-------------------------------------------
     0 | D:1      | zero the Deep Dwarf Fighter began the quest for the Orb.
     0 | D:1      | Reached XP level 1. HP: 20/20 MP: 1/1
     0 | D:1      | 0 ||| counter = 3
    57 | D:1      | Reached skill level 3 in Axes
    76 | D:1      | Reached XP level 2. HP: 27/27 MP: 2/2
   135 | D:1      | Reached skill level 1 in Dodging
   155 | D:1      | 155 ||| DROPPING club.
   503 | D:1      | Reached XP level 3. HP: 22/33 MP: 3/3
   654 | D:1      | 654 ||| READING scroll labeled ANGYIG MANOL.
   659 | D:1      | 659 ||| READING scroll labeled WUULUI JAUPS.
   660 | D:1      | 660 ||| READING scroll labeled LULYAPTEODD.
   661 | D:1      | 661 ||| READING scroll labeled VAEWATI TOTU.
   699 | D:2      | 699 ||| STAIRDANCE
   731 | D:2      | Reached skill level 4 in Axes
   741 | D:2      | HP: 6/33 [quokka (3)]
   832 | D:2      | Reached XP level 4. HP: 7/40 MP: 4/4
   845 | D:2      | HP: 5/40 [hobgoblin (2)]
   903 | D:2      | 903 ||| READING scroll of teleportation.
  1000 | D:2      | HP: 4/40 [leopard gecko (1)]
  1025 | D:2      | HP: 3/40 [hobgoblin/stone (1)]
  1190 | D:2      | HP: 2/40 [goblin (1)]
  1192 | D:2      | Reached skill level 5 in Axes
  1233 | D:2      | 1233 ||| READING scroll labeled TIOCOTZ YNAM.
  1234 | D:2      | 1234 ||| READING scroll labeled ILLALE OVYI.
  1235 | D:2      | 1235 ||| DRINKING 2 fizzy red potions.
  1236 | D:2      | 1236 ||| READING 3 scrolls of identify.
  1236 | D:2      | 1236 ||| IDENTIFYING emerald potion
  1237 | D:2      | 1237 ||| DRINKING potion of heal wounds.
  1238 | D:2      | 1238 ||| READING 2 scrolls of identify.
  1238 | D:2      | 1238 ||| IDENTIFYING murky red potion
  1239 | D:2      | 1239 ||| DROPPING potion of brilliance.
  1349 | D:3      | Found a sacrificial altar of Ru.
  1533 | D:3      | 1533 ||| UPGRADING to whip.
  1534 | D:3      | 1534 ||| SWAPPING to +1 war axe.
  1591 | D:3      | Found a white marble altar of Elyvilon.
  1623 | D:3      | 1623 ||| READING scroll of enchant weapon.
  1623 | D:3      | 1623 ||| ENCHANTING +1 war axe.
  1647 | D:3      | Found a basalt altar of Yredelemnul.
  1698 | D:3      | 1698 ||| UPGRADING to pair of boots.
  1703 | D:3      | 1703 ||| READING scroll labeled DIUTRYT ADIUG.
  1704 | D:3      | 1704 ||| READING scroll labeled UVISME RIRPH.
  1742 | D:4      | 1742 ||| EATING 2 fruits.
  1821 | D:4      | Noticed an ogre
  1831 | D:4      | Killed an ogre
  1831 | D:4      | Reached skill level 6 in Axes
  1831 | D:4      | Reached XP level 5. HP: 27/46 MP: 5/5
  1929 | D:4      | 1929 ||| UPGRADING to flail.
  1930 | D:4      | 1930 ||| SWAPPING to +2 war axe.
  1933 | D:4      | 1933 ||| DROPPING +0 whip.
  1989 | D:4      | Found a glowing drain.
  1990 | D:4      | 1990 ||| Found Sewer.
  1995 | D:4      | Found an ornate altar of the Wu Jian Council.
  2087 | D:4      | Reached XP level 6. HP: 30/55 MP: 6/6
  2100 | D:4      | Reached skill level 7 in Axes
  2276 | D:4      | Found a burning altar of Makhleb.
  2282 | D:4      | Became a worshipper of Makhleb the Destroyer
  2447 | D:4      | 2447 ||| READING scroll of enchant weapon.
  2447 | D:4      | 2447 ||| ENCHANTING +2 war axe.
  2677 | D:4      | 2677 ||| UPGRADING to chain mail.
  2687 | D:4      | 2687 ||| DROPPING +0 scale mail.
  2688 | D:4      | 2688 ||| UPGRADING to dented silver amulet.
  2689 | D:4      | 2689 ||| REMOVING amulet of regeneration.
  2690 | D:4      | 2690 ||| DROPPING amulet of regeneration.
  2691 | D:4      | 2691 ||| READING scroll labeled JASKIPR PAM KAOW.
  2692 | D:4      | 2692 ||| READING 2 scrolls of identify.
  2692 | D:4      | 2692 ||| IDENTIFYING orange potion
  2693 | D:4      | 2693 ||| DROPPING potion of invisibility.
  2719 | D:5      | Entered Level 5 of the Dungeon
  2719 | D:5      | Noticed Edmund
  2722 | D:5      | 2722 ||| STAIRDANCE
  2730 | D:4      | 2730 ||| DRINKING potion of heal wounds.
  2736 | D:4      | Killed Edmund
  2736 | D:4      | Reached skill level 3 in Invocations
  2736 | D:4      | Reached XP level 7. HP: 44/61 MP: 7/9
  2739 | D:4      | 2739 ||| DROPPING +0 flail.
  2740 | D:4      | 2740 ||| UPGRADING to flail of draining.
  2741 | D:4      | 2741 ||| SWAPPING to +3 war axe.
  2745 | D:5      | 2745 ||| STAIRDANCE
  2954 | D:5      | Reached skill level 8 in Axes
  2971 | D:5      | 2971 ||| Stepping ~*~*~tactically~*~*~ (water).
  3006 | D:5      | 3006 ||| Stepping ~*~*~tactically~*~*~ (water).
  3014 | D:5      | Noticed Grinder
  3031 | D:5      | 3031 ||| Stepping ~*~*~tactically~*~*~ (water).
  3034 | D:5      | Paralysed by Grinder for 5 turns
  3064 | D:5      | Killed Grinder
  3064 | D:5      | Reached XP level 8. HP: 43/72 MP: 11/11
  3098 | D:5      | Noticed Sigmund
  3109 | D:5      | Killed Sigmund
  3122 | D:5      | Reached skill level 9 in Axes
  3440 | D:5      | HP: 17/72 [adder (2)]
  3441 | D:5      | 3441 ||| READING 2 scrolls of teleportation.
  3650 | D:5      | Found a bloodstained altar of Trog.
  3783 | D:5      | 3783 ||| UPGRADING to cloak.
  3788 | D:5      | 3788 ||| READING scroll labeled VOENAG UHEWK.
  3789 | D:5      | 3789 ||| READING 2 scrolls of identify.
  3789 | D:5      | 3789 ||| IDENTIFYING glowing silvery potion
  3790 | D:5      | 3790 ||| DROPPING potion of agility.
  3813 | D:5      | 3813 ||| EATING fruit.
  3837 | D:6      | 3837 ||| READING scroll of teleportation.
  3846 | D:6      | Found a stormy altar of Qazlal.
  3853 | D:6      | Noticed Qupu's ghost (novice MfSk)
  3860 | D:6      | HP: 13/72 [Qupu's ghost (4)]
  3868 | D:6      | HP: 7/72 [Qupu's ghost (1)]
  3869 | D:6      | HP: 2/72 [Qupu's ghost (5)]
  3869 | D:6      | Slain by Qupu's ghost

Vault maps used:
D:1:      dpeg_arrival_court
D:2:      first_bread, solitary_fountain, minmay_small_reverse_x
D:3:      kennysheep_ying_yang, marbit_many_paths
D:4:      lemuel_crystal_altar, makhleb_heckhound_becter, gup_sewer_entry_glass
D:5:      serial_bayou, serial_bayou_ford_a, serial_bayou_shore_a,
          serial_bayou_shore_b, serial_bayou_pond_d, serial_bayou_pond_b,
          trog_book, uniq_grinder, uniq_edmund, uniq_sigmund
D:6:      kennysheep_mini_moat, grunt_qazlal_sundering, kennysheep_little_box,
          lemuel_doored_altar, uniq_eustachio

Skill      XL: |  1  2  3  4  5  6  7  8 |
---------------+-------------------------+-----
Axes           | 3 4 6 7 8 9 |  9.0
Dodging        | 1 2 |  2.6
Invocations    | 3 4 |  4.1
Shields        | 4 5 |  5.1
Fighting       | 4 |  4.1
Armour         | |  3.2

Action                   |  1- 3 |  4- 6 |  7- 9 || total
-------------------------+-------+-------+-------++-------
Melee: War axe           |   113 |   109 |    93 ||   315
Throw: Tomahawk          |       |    52 |    21 ||    73
  Use: Scroll            |     4 |    11 |     4 ||    19
       Potion            |       |     3 |       ||     3
  Eat: Chunk             |       |     5 |     3 ||     8
       Fruit             |       |     1 |     1 ||     2
Armor: Scale mail        |    44 |    35 |       ||    79
       Chain mail        |       |     2 |    27 ||    29
       Skin              |       |       |     2 ||     2
Dodge: Dodged            |    31 |    41 |    14 ||    86
Block: Shield            |    63 |    51 |    47 ||   161
